 Dungeon Crawl Stone Soup version 0.22-a0-348-gd16d139 (webtiles) character file.

151 BaronVonScrub the Skirmisher (level 5, -2/41 HPs)
             Began as a Demonspawn Berserker on Apr 7, 2018.
             Was a Believer of Trog.
             Slain by a jelly (3 damage)
             ... on level 3 of the Dungeon.
             The game lasted 00:11:10 (2635 turns).

BaronVonScrub the Skirmisher (Demonspawn Berserker) Turns: 2635, Time: 00:11:11

Health: -2/41      AC: -5    Str: 17 (18) XL:     5   Next: 11%
Magic:  0/5        EV: 13    Int:  8 (10) God:    Trog [**....]
Gold:   168        SH:  0    Dex: 15      Spells: 4/4 levels left

rFire    . . .     SeeInvis .   a - +0 hand axe
rCold    . . .     Gourm    .   (no shield)
rNeg     . . .     Faith    .   b - +0 animal skin
rPois    .         Spirit   +   (no helmet)
rElec    .         Reflect  .   (no cloak)
rCorr    .         Harm     .   (no gloves)
MR       .....                  o - +0 pair of boots
Stlth    ++++......             k - amulet of guardian spirit
HPRegen  0.13/turn              l - ring of stealth
MPRegen  0.09/turn              (no ring)

@: corroded
A: thin skeletal structure 1, clever 1, deformed body, mutation resistance 1,
powered by death 1, screaming 1, spiny 1
a: Berserk, Trog's Hand, Renounce Religion


You were on level 3 of the Dungeon.
You worshipped Trog.
Trog was pleased with you.
You were not hungry.

You visited 1 branch of the dungeon, and saw 3 of its levels.

You collected 168 gold pieces.

Inventory:

Hand Weapons
 a - a +0 hand axe (weapon)
Armour
 b - a +0 animal skin (worn)
 o - a +0 pair of boots (worn)
Jewellery
 k - an amulet of guardian spirit (around neck)
 l - a ring of stealth (left hand)
Scrolls
 d - a scroll of identify
 f - 2 scrolls of immolation
 g - a scroll of teleportation
 h - a scroll of magic mapping
Potions
 j - a potion of magic
Comestibles
 c - 5 rations


   Skills:
 + Level 3.5 Fighting
 - Level 3.2 Axes
 * Level 2.5 Armour
 + Level 2.2 Dodging
 - Level 3.0 Stealth


You had 4 spell levels left.
You didn't know any spells.

Dungeon Overview and Level Annotations

Branches:
Dungeon (3/15)

Altars:
Hepliaklqana


Innate Abilities, Weirdness & Mutations

You have a somewhat thin skeletal structure. (Dex +2, Stealth)
You regenerate a little health from kills.
You are partially covered in sharp spines.
Your mind is acute. (Int +2)
Armour fits poorly on your strangely shaped body.
You are somewhat resistant to further mutation.
You occasionally shout uncontrollably at your foes.


Message History

You hit the jelly.
Your hands burn!
The jelly is lightly wounded.
The jelly is struck by your spines. The jelly hits you.
You are splashed with acid!
The acid burns!
Something hits the fungus.
You hit the jelly but do no damage.
Your hands burn!
The jelly is moderately wounded.
The jelly is struck by your spines. The jelly hits you. The acid corrodes you!
You are splashed with acid!
The acid burns!
* * * LOW HITPOINT WARNING * * *
The jelly closely misses you.
You feel better. The jelly is struck by your spines. The jelly hits you.
* * * LOW HITPOINT WARNING * * *
You are splashed with acid!
The acid burns!
* * * LOW HITPOINT WARNING * * *
You hit the jelly. The acid corrodes you!
Your hands burn!
* * * LOW HITPOINT WARNING * * *
The jelly is heavily wounded.
The ooze jiggles.
The jelly hits you.
You die...

,**,,,,,,* ##..†).##***,#.#...
,**,,,,,,* #.......#*,,,......
,**,,,,,,* #.......#*,*.##....
,,,***,,,* #.[.....#*,*.......
,,,* *,,,* #.......#*,,....#..
,,,***,,,* #....####**,,*#....
,,,,,,,,,**** #....'..##*,,*##...
,,,,,,,,,+,,* ########(#*,,* #.>#
,,,,,,,,,**,* ##@.)...##*,,* ##*#
,,,,,,,,,,*,**#J#######**,,*****#
*,,,,,,,,,*,*#...÷J.J.J**,,,,,,,#
****,,,,,,*,*#.P.÷÷÷.÷.**,*****,#
*,,,,,,*,*#.PJPJPJP.**,,,,,,,#
*,,,,,,*,*#.......PJ**,,,,,,,#
*,,,,,,*,*#.P....J.J**,,,,,,,#
*,,,,,,*,*#...P..÷.?****+***,#
*,,,,,,*,*##########* *,* *,#


You could see a jelly.

Vanquished Creatures
  A jelly (D:3)
  3 adders (D:2)
  6 oozes
  3 worms
  2 dart slugs (D:2)
  3 giant cockroaches
  2 goblins
  6 hobgoblins
  4 jackals
  12 kobolds
  A ball python (D:2)
  6 bats
  5 frilled lizards
  7 rats
61 creatures vanquished.

Vanquished Creatures (others)
  A fungus (D:3)
  5 toadstools (D:3)
6 creatures vanquished.

Grand Total: 67 creatures vanquished

Notes
Turn   | Place    | Note
-------+----------+-------------------------------------------
     0 | D:1      | BaronVonScrub the Demonspawn Berserker began the quest for the Orb.
     0 | D:1      | Reached XP level 1. HP: 18/18 MP: 1/1
   262 | D:1      | Gained mutation: You have a somewhat thin skeletal structure. (Dex +2, Stealth) [demonic ancestry]
   262 | D:1      | Reached XP level 2. HP: 8/24 MP: 2/2
   802 | D:2      | Reached ** piety under Trog
  1024 | D:2      | Reached XP level 3. HP: 29/29 MP: 3/3
  1030 | D:2      | Reached skill level 1 in Stealth
  1358 | D:2      | HP: 2/43 [ooze (3)]
  1718 | D:2      | Found a hazy altar of Hepliaklqana.
  1806 | D:2      | Gained mutation: You are partially covered in sharp spines. [demonic ancestry]
  1806 | D:2      | Reached XP level 4. HP: 24/35 MP: 4/4
  2536 | D:3      | Gained mutation: Armour fits poorly on your strangely shaped body. [potion of mutation]
  2536 | D:3      | Gained mutation: Your flesh is heat resistant. (rF+) [potion of mutation]
  2536 | D:3      | Gained mutation: You are robust. (+10% HP) [potion of mutation]
  2537 | D:3      | Lost mutation: You are robust. (+10% HP) [potion of mutation]
  2537 | D:3      | Lost mutation: Your flesh is heat resistant. (rF+) [potion of mutation]
  2537 | D:3      | Gained mutation: Your mind is acute. (Int +2) [potion of mutation]
  2537 | D:3      | Gained mutation: You occasionally shout uncontrollably at your foes. [potion of mutation]
  2537 | D:3      | Gained mutation: You are somewhat resistant to further mutation. [potion of mutation]
  2565 | D:3      | Gained mutation: You regenerate a little health from kills. [demonic ancestry]
  2565 | D:3      | Reached XP level 5. HP: 22/41 MP: 1/5
  2635 | D:3      | HP: 1/41 [acid (4)]
  2635 | D:3      | Slain by a jelly

Vault maps used:
D:1:      dpeg_arrival_shrine
D:2:      old_standard_altar, st_stairs_6, grunt_ministairs_15
D:3:      cheibrodos_fertilizer, old_standard_altar, first_ration

Skill      XL: |  1  2  3  4 |
---------------+-------------+-----
Axes           | 3 |  3.2
Dodging        | 2 |  2.2
Armour         | 2 |  2.5
Stealth        | 2 3 |  3.0
Fighting       | |  3.5

Action                   |  1- 3 |  4- 6 || total
-------------------------+-------+-------++-------
Melee: Hand axe          |   118 |    48 ||   166
Invok: Berserk           |     3 |       ||     3
  Use: Potion            |       |     6 ||     6
       Scroll            |       |     4 ||     4
 Stab: Sleeping          |     3 |     4 ||     7
  Eat: Chunk             |     2 |     1 ||     3
       Ration            |     1 |     1 ||     2
Armor: Animal skin       |    27 |     9 ||    36
Dodge: Dodged            |    70 |    19 ||    89

Table legend:
 A = Spawn XP
 B = Non-spawn XP
 C = Spawn XP percentage of total XP
 D = Spawn monster count
 E = Non-spawn monster count
 F = Spawn count percentage of total count
 G = Total turns spent on level
                    A         B        C        D         E        F      G
               +---------+---------+-------+---------+---------+-------+---------
         Total |       0 |     217 |   0.0 |       0 |      61 |   0.0 |  2635
               +---------+---------+-------+---------+---------+-------+---------
           D:1 |       0 |      26 |   0.0 |       0 |      18 |   0.0 |   788
           D:2 |       0 |      94 |   0.0 |       0 |      27 |   0.0 |  1370
           D:3 |       0 |      97 |   0.0 |       0 |      16 |   0.0 |   477
               +---------+---------+-------+---------+---------+-------+---------
